Map: Chain of Ascension

Players

BunnyLove

  • Race: Terran Terran

ViS

  • Race: Protoss Protoss
  • Spawn Location: 11:00

VOD

Have the link to the VOD?

Description

Time

  • Played on: March 16, 2018, 11:43 p.m.
  • Length: 23:30
Show
View Real Time Build Order
Export as new Build Order

BunnyLove Terran 

Build Orders:  

Get SALT Encoding   

  12  0:05  Starport Tech Lab  
  12  0:08  SCV  
  13  0:25  SCV  
  13  0:26  Supply Depot  
  15  0:42  SCV  
  16  1:01  Assault Galleon, SCV  
  16  1:18  SCV  
  17  1:33  Assault Galleon  
  17  1:35  SCV  
  19  1:52  SCV  
  19  2:02  Assault Galleon  
  19  2:09  SCV  
  20  2:10  Refinery  
  20  2:25  Refinery  
  20  2:26  SCV  
  22  2:43  SCV  
  22  2:54  Supply Depot  
  22  3:08  SCV  
  23  3:21  Command Center  
  23  3:29  SCV  
  24  3:38  Engineering Bay  
  24  3:49  SCV  
  25  4:06  SCV  
  26  4:17  Assault Galleon  
  27  4:23  SCV  
  27  4:47  Armory  
  27  4:48  SCV  
  28  5:05  SCV  
  29  5:28  Reaper x2  
  31  5:33  Command Center  
  31  5:38  SCV  
  31  5:39  SCV  
  33  5:40  LE9 Cluster Charges  
  31  5:56  SCV  
  31  5:59  SCV  
  33  6:04  Reaper x3  
  37  6:13  SCV  
  37  6:16  SCV  
  38  6:22  Theia Raven, Jetpack Overdrive  
  42  6:30  SCV  
  42  6:33  SCV  
  41  6:41  Reaper x3  
  46  6:51  Reaper x2  
  46  6:53  SCV x2  
  46  6:59  Supply Depot  
  48  7:02  Reaper x2  
  48  7:05  Horner Weapons Level 1  
  52  7:10  SCV x2  
  52  7:13  Strike Fighter Platform  
  52  7:15  Reaper  
  52  7:16  Reaper x2  
  52  7:17  Reaper  
  58  7:25  Reaper  
  58  7:26  Reaper  
  56  7:41  Reaper  
  56  7:42  Reaper x2  
  56  7:46  Reaper  
  59  7:51  Reaper  
  59  7:52  Reaper x2  
  59  7:56  Reaper  
  64  8:00  SCV x2  
  64  8:01  Reaper x2  
  64  8:02  Reaper  
  64  8:06  Reaper  
  63  8:11  Reaper x3  
  63  8:16  Reaper  
  69  8:21  Reaper x2, SCV x2  
  70  8:30  Reaper x2  
  70  8:38  SCV x2  
  74  8:46  Reaper x2  
  74  8:47  Fusion Core  
  76  8:55  SCV x2  
  78  9:05  Refinery  
  78  9:08  Refinery  
  78  9:10  Supply Depot  
  78  9:17  Multi-Threaded Sensors  
  78  9:40  Reaper x4  
  78  9:45  SCV  
  82  9:50  Reaper x4  
  86  10:00  Reaper x3  
  86  10:01  Reaper  
  90  10:10  Reaper  
  86  10:20  Trigger Override  
  86  10:28  Asteria Wraith  
  87  10:30  Reaper x4  
  88  10:49  Reaper  
  84  10:52  Reaper  
  84  10:53  Reaper  
  84  10:54  Reaper  
  84  10:59  Reaper  
  84  11:02  Reaper  
  84  11:03  Reaper  
  83  11:13  Reaper x4  
  94  11:31  SCV x2  
  94  11:45  Napalm Payload, Drone Hangar x2  
  94  11:47  Supply Depot  
  94  11:53  Supply Depot  
  94  12:15  Assault Galleon  
  100  12:27  Reaper x2  
  102  12:35  Drone Hangar x2  
  102  12:37  Reaper x2  
  104  12:47  Reaper x2  
  106  12:57  Reaper x2  
  108  13:00  Asteria Wraith  
  108  13:05  Strike Fighter Platform  
  108  13:07  Reaper x2  
  120  13:17  Reaper x4  
  124  13:27  Reaper  
  124  13:29  Tactical Jump  
  125  13:35  Supply Depot  
  125  13:39  Supply Depot  
  125  13:50  Supply Depot  
  125  13:53  Reaper x2  
  126  14:04  Reaper  
  116  14:14  Reaper x2  
  116  14:15  Reaper  
  116  14:16  Reaper  
  119  14:24  Reaper x2  
  116  14:41  Reaper x3  
  118  15:03  Strike Fighter Platform  
  118  15:04  Strike Fighter Platform  
  118  15:06  Strike Fighter Platform  
  128  15:36  Strike Fighter Platform  
  128  15:39  Strike Fighter Platform  
  128  15:43  Supply Depot  
  128  15:44  Supply Depot  
  128  15:55  Horner Weapons Level 2  
  128  16:01  Reaper x2  
  111  16:40  Reaper x3  
  111  16:41  Reaper  
  111  16:45  Asteria Wraith  
  123  16:50  Reaper x3  
  128  17:00  Reaper  
  128  17:01  Reaper x2  
  128  17:07  Reaper  
  132  17:10  Reaper x2  
  132  17:11  Reaper, Drone Hangar  
  132  17:17  Reaper  
  135  17:20  Reaper x2  
  135  17:21  Reaper  
  135  17:27  Reaper  
  139  17:30  Reaper x2  
  139  17:31  Reaper  
  139  17:37  Reaper  
  143  17:40  Reaper x2  
  143  17:41  Reaper  
  143  17:47  Reaper  
  147  17:50  Reaper x3  
  150  18:01  Reaper  
  150  18:02  Reaper  
  151  18:11  Reaper  
  151  18:12  Reaper x3  
  151  18:21  Reaper  
  151  18:22  Reaper x3  
  153  18:31  Reaper  
  153  18:32  Reaper x2  
  153  18:34  Reaper  
  153  18:38  Reaper  
  155  18:41  Reaper x2  
  155  18:42  Reaper  
  157  18:56  Reaper x2  
  159  19:02  Reaper x2  
  159  19:03  Reaper  
  159  19:06  Reaper  
  163  19:11  Reaper  
  163  19:12  Reaper  
  163  19:16  Reaper x2  
  168  19:20  Reaper  
  168  19:21  Reaper  
  167  19:35  Reaper x3  
  170  19:40  Reaper x2  
  170  19:45  Reaper x3  
  175  19:50  Reaper  
  175  19:57  Reaper  
  175  19:58  Reaper  
  175  19:59  Reaper  
  179  20:04  Reaper x2  
  179  20:08  Reaper x2  
  179  20:09  Reaper  
  184  20:13  Reaper  
  184  20:14  Reaper  
  184  20:18  Reaper  
  187  20:23  Reaper  
  187  20:24  Reaper  
  189  20:39  Reaper x2  
  190  21:00  Reaper  
  190  21:01  Reaper  
  189  21:14  Reaper  
  189  21:15  Reaper x3  
  189  21:17  Reaper  
  155  21:20  Asteria Wraith  
  155  21:29  Reaper  
  166  21:30  Reaper x2  
  166  21:43  Reaper x3  
  169  21:58  Reaper  
  169  21:59  Reaper x4  
  174  22:08  Reaper  
  174  22:09  Reaper x4, Strike Fighter Platform  
  183  22:13  Strike Fighter Platform  
  183  22:18  Reaper  
  183  22:19  Reaper x3  
Show
View Real Time Build Order
Export as new Build Order

ViS Protoss 

Build Orders:  

Get SALT Encoding   

  12  0:05  Probe (Chrono Boost)  
Tags
 
Add a new tag
Caveats
  • Supply blocks, unpowered buildings, or Contaminate may cause inaccurate times.
  • Supply counts are checked every 10 seconds.